| TOP OF THE 1ST |
|
New Orleans Zephyrs batting - Pitching for Oklahoma City Dodgers : RHP Juan Rodriguez
|
|
Pitching: RHP Juan Rodriguez
|
|
|
Batting: LHB Jose Bregaro
|
0-0: Ball 1-0: Ball 2-0: Ball 3-0: Base on Balls
|
|
Batting: LHB David Doge
|
0-0: Ball 1-0: Foul Ball, location: 2F 1-1: Fielders Choice at 2nd, 4-6 (Groundball, 4, EV 88.1 MPH)
|
|
Batting: RHB Akira Suzuki
|
0-0: Called Strike 0-1: Foul Ball, location: 2F 0-2: Ball 1-2: Ball 2-2: Foul Ball, location: 2F 2-2: Grounds into double play, 6-4-3 (Groundball, 6, EV 101.9 MPH)
|
| Top of the 1st over - 0 runs, 0 hits, 0 errors, 0 left on base; New Orleans 0 - Oklahoma City 0 |
| BOTTOM OF THE 1ST |
|
Oklahoma City Dodgers batting - Pitching for New Orleans Zephyrs : LHP Jeff Tavella
|
|
Pitching: LHP Jeff Tavella
|
|
|
Batting: RHB Jeremy Giesler
|
0-0: Ball 1-0: Foul Ball, location: 2F 1-1: Foul Ball, location: 2F 1-2: Foul Ball, location: 2F 1-2: Foul Ball, location: 2F 1-2: Ground out 5-3 (Groundball, 56, EV 90.0 MPH)
|
|
Batting: LHB Tony Vitela
|
0-0: Called Strike 0-1: Ball 1-1: Foul Ball, location: 2F 1-2: SINGLE (Groundball, 34D, EV 109.4 MPH)
|
|
Batting: RHB Trevor Mock
|
0-0: Called Strike Tony Vitela steals 2nd base (no throw) 0-1: Ball 1-1: Ball 2-1: Called Strike 2-2: Foul Ball, location: 2F 2-2: Fly out, F7 (Flyball, 7S, EV 91.2 MPH)
|
|
Batting: RHB Jose Valtierra
|
0-0: Hit by Pitch
|
|
Batting: LHB Tommy King
|
0-0: Foul Ball, location: 2F 0-1: Ball 1-1: Ball 2-1: Ball 3-1: Swinging Strike 3-2: Base on Balls Tony Vitela to third Jose Valtierra to second
|
|
Batting: LHB Yasahiko Teshima
|
0-0: Ball 1-0: Called Strike 1-1: Ball 2-1: Ground out 1-3 (Groundball, 13S, EV 65.0 MPH)
|
| Bottom of the 1st over - 0 runs, 1 hit, 0 errors, 3 left on base; New Orleans 0 - Oklahoma City 0 |
| TOP OF THE 2ND |
|
New Orleans Zephyrs batting - Pitching for Oklahoma City Dodgers : RHP Juan Rodriguez
|
|
Batting: LHB Carlos Mosqueda
|
0-0: Ball 1-0: Ball 2-0: Ball 3-0: Called Strike 3-1: Base on Balls
|
|
Batting: RHB Boof Howell
|
0-0: Ball 1-0: Swinging Strike 1-1: Foul Ball, location: 2F 1-2: Ball 2-2: Foul Ball, location: 2F 2-2: Ball 3-2: Strikes out swinging
|
|
Batting: SHB Dan Zink
|
0-0: Ball 1-0: Foul Ball, location: 2F 1-1: Ball 2-1: SINGLE (Line Drive, 4D, EV 98.8 MPH) Carlos Mosqueda to second
|
|
Batting: RHB Torquato Obawole
|
0-0: Called Strike 0-1: Grounds into double play, 6-4-3 (Groundball, 6, EV 81.9 MPH)
|
| Top of the 2nd over - 0 runs, 1 hit, 0 errors, 1 left on base; New Orleans 0 - Oklahoma City 0 |
| BOTTOM OF THE 2ND |
|
Oklahoma City Dodgers batting - Pitching for New Orleans Zephyrs : LHP Jeff Tavella
|
|
Batting: RHB Marcos Villalobos
|
0-0: Foul Ball, location: 2F 0-1: Foul Ball, location: 2F 0-2: Ball 1-2: Ball 2-2: Strikes out looking
|
|
Batting: RHB Carlos Talavera
|
0-0: Ball 1-0: Foul Ball, location: 2F 1-1: Ball 2-1: DOUBLE (Groundball, 5L, EV 103.1 MPH)
|
|
Batting: LHB Frank Mullen
|
0-0: Ball 1-0: Ball 2-0: Ball 3-0: Foul Ball, location: 2F 3-1: Foul Ball, location: 2F 3-2: Strikes out swinging
|
|
Batting: RHB Jeremy Giesler
|
0-0: Foul Ball, location: 2F 0-1: Ball 1-1: Called Strike 1-2: Strikes out swinging
|
| Bottom of the 2nd over - 0 runs, 1 hit, 0 errors, 1 left on base; New Orleans 0 - Oklahoma City 0 |
| TOP OF THE 3RD |
|
New Orleans Zephyrs batting - Pitching for Oklahoma City Dodgers : RHP Juan Rodriguez
|
|
Batting: RHB Jim Fisher
|
0-0: Ball 1-0: Called Strike 1-1: Ball 2-1: Fly out, F7 (Flyball, 7LM, EV 95.6 MPH)
|
|
Batting: RHB Ryuki Ogasawara
|
0-0: Called Strike 0-1: Hit by Pitch
|
|
Batting: LHB Jose Bregaro
|
0-0: Called Strike 0-1: SINGLE (Groundball, 34D, EV 93.8 MPH) Ryuki Ogasawara to second Runner from 2nd tries for 3rd, SAFE, throw by RF made to third Jose Bregaro to second
|
|
Batting: LHB David Doge
|
0-0: Fly out, F7 (Flyball, 78M, EV 86.9 MPH)
|
|
Batting: RHB Akira Suzuki
|
0-0: Foul Ball, location: 2F 0-1: Ball 1-1: Called Strike 1-2: Foul Ball, location: 2F 1-2: Ball 2-2: Foul Ball, location: 2F 2-2: Foul Ball, location: 2F 2-2: Fly out, F8 (Flyball, 8LD, EV 85.6 MPH)
|
| Top of the 3rd over - 0 runs, 1 hit, 0 errors, 2 left on base; New Orleans 0 - Oklahoma City 0 |
| BOTTOM OF THE 3RD |
|
Oklahoma City Dodgers batting - Pitching for New Orleans Zephyrs : LHP Jeff Tavella
|
|
Batting: LHB Tony Vitela
|
0-0: Ball 1-0: Called Strike 1-1: Swinging Strike 1-2: Strikes out swinging
|
|
Batting: RHB Trevor Mock
|
0-0: Called Strike 0-1: SINGLE (Line Drive, 7S, EV 111.9 MPH)
|
|
Batting: RHB Jose Valtierra
|
0-0: Grounds into double play, 5-4-3 (Groundball, 56S, EV 90.6 MPH)
|
| Bottom of the 3rd over - 0 runs, 1 hit, 0 errors, 0 left on base; New Orleans 0 - Oklahoma City 0 |
| TOP OF THE 4TH |
|
New Orleans Zephyrs batting - Pitching for Oklahoma City Dodgers : RHP Juan Rodriguez
|
|
Batting: LHB Carlos Mosqueda
|
0-0: Called Strike 0-1: Ball 1-1: Ball 2-1: Ball 3-1: Base on Balls
|
|
Batting: RHB Boof Howell
|
0-0: Ball 1-0: Ball 2-0: Ball 3-0: Base on Balls Carlos Mosqueda to second
|
|
Batting: SHB Dan Zink
|
0-0: Called Strike 0-1: Grounds into double play, 4-6-3 (Groundball, 4, EV 104.4 MPH) Carlos Mosqueda to third
|
|
Batting: RHB Torquato Obawole
|
0-0: Called Strike 0-1: Called Strike 0-2: Strikes out swinging
|
| Top of the 4th over - 0 runs, 0 hits, 0 errors, 1 left on base; New Orleans 0 - Oklahoma City 0 |
| BOTTOM OF THE 4TH |
|
Oklahoma City Dodgers batting - Pitching for New Orleans Zephyrs : LHP Jeff Tavella
|
|
Batting: LHB Tommy King
|
0-0: Ball 1-0: Ground out 3-1 (Groundball, 34, EV 96.2 MPH)
|
|
Batting: LHB Yasahiko Teshima
|
0-0: Ball 1-0: Ball 2-0: SINGLE (Groundball, 34S, EV 69.4 MPH) (infield hit)
|
|
Batting: RHB Marcos Villalobos
|
0-0: Called Strike 0-1: Called Strike 0-2: Strikes out swinging
|
|
Batting: RHB Carlos Talavera
|
0-0: Foul Ball, location: 2F 0-1: Ball 1-1: Called Strike 1-2: SINGLE (Groundball, 34D, EV 110.0 MPH) Yasahiko Teshima to second Runner from 2nd tries for 3rd, SAFE, throw by RF made to third
|
|
Batting: LHB Frank Mullen
|
0-0: Ball 1-0: Ball 2-0: SINGLE (Groundball, 56D, EV 94.4 MPH) Yasahiko Teshima scores Carlos Talavera to second
|
|
Batting: RHB Jeremy Giesler
|
0-0: Ball 1-0: Ball 2-0: Called Strike 2-1: Called Strike 2-2: Ball 3-2: Strikes out swinging
|
| Bottom of the 4th over - 1 run, 3 hits, 0 errors, 2 left on base; New Orleans 0 - Oklahoma City 1 |
| TOP OF THE 5TH |
|
New Orleans Zephyrs batting - Pitching for Oklahoma City Dodgers : RHP Juan Rodriguez
|
|
Batting: RHB Jim Fisher
|
0-0: Called Strike 0-1: Foul Ball, location: 2F 0-2: Ball 1-2: Strikes out looking
|
|
Batting: RHB Ryuki Ogasawara
|
0-0: Ball 1-0: Ground out 5-3 (Groundball, 56S, EV 85.6 MPH)
|
|
Batting: LHB Jose Bregaro
|
0-0: Ground out 5-3 (Groundball, 56, EV 105.6 MPH)
|
| Top of the 5th over - 0 runs, 0 hits, 0 errors, 0 left on base; New Orleans 0 - Oklahoma City 1 |
| BOTTOM OF THE 5TH |
|
Oklahoma City Dodgers batting - Pitching for New Orleans Zephyrs : LHP Jeff Tavella
|
|
Batting: LHB Tony Vitela
|
0-0: Ground out 5-3 (Groundball, 56S, EV 70.6 MPH)
|
|
Batting: RHB Trevor Mock
|
0-0: Ball 1-0: Ball 2-0: Ball 3-0: Base on Balls
|
|
Batting: RHB Jose Valtierra
|
0-0: Called Strike Trevor Mock is caught stealing 2nd base 2-4 0-1: SINGLE (Groundball, 56D, EV 101.9 MPH)
|
|
Batting: LHB Tommy King
|
0-0: Ball 1-0: Ball Wild Pitch! Jose Valtierra to second 2-0: Ball 3-0: Base on Balls
|
|
Batting: LHB Yasahiko Teshima
|
0-0: Ground out U3 (Groundball, 34, EV 89.4 MPH)
|
| Bottom of the 5th over - 0 runs, 1 hit, 0 errors, 2 left on base; New Orleans 0 - Oklahoma City 1 |
| TOP OF THE 6TH |
|
New Orleans Zephyrs batting - Pitching for Oklahoma City Dodgers : RHP Juan Rodriguez
|
|
Batting: LHB David Doge
|
0-0: Called Strike 0-1: Ball 1-1: Foul Ball, location: 2F 1-2: Ground out 1-3 (Groundball, P, EV 69.4 MPH)
|
|
Batting: RHB Akira Suzuki
|
0-0: Ball 1-0: Called Strike 1-1: Foul Ball, location: 2F 1-2: Fly out, F9 (Line Drive, 89M, EV 102.5 MPH)
|
|
Batting: LHB Carlos Mosqueda
|
0-0: Ball 1-0: Called Strike 1-1: Called Strike 1-2: Foul Ball, location: 2F 1-2: Foul Ball, location: 2F 1-2: Ball 2-2: Foul Ball, location: 2F 2-2: Ball 3-2: Base on Balls
|
|
Pitching: RHP Jon Schau
|
|
|
Batting: RHB Boof Howell
|
0-0: Ball 1-0: Called Strike 1-1: Ball 2-1: SINGLE (Groundball, 34D, EV 106.9 MPH) Carlos Mosqueda to second Runner from 2nd tries for 3rd, SAFE, throw by RF made to third
|
|
Batting: SHB Dan Zink
|
0-0: Called Strike 0-1: Ball 1-1: Swinging Strike 1-2: Foul Ball, location: 2F 1-2: Ball 2-2: Foul Ball, location: 2F 2-2: Ball Wild Pitch! Carlos Mosqueda scores Boof Howell to second 3-2: Ground out U3 (Groundball, 3, EV 88.1 MPH)
|
| Top of the 6th over - 1 run, 1 hit, 0 errors, 1 left on base; New Orleans 1 - Oklahoma City 1 |
| BOTTOM OF THE 6TH |
|
Oklahoma City Dodgers batting - Pitching for New Orleans Zephyrs : LHP Jeff Tavella
|
|
Batting: RHB Marcos Villalobos
|
0-0: Called Strike 0-1: Ball 1-1: Ball 2-1: Ball 3-1: Swinging Strike 3-2: DOUBLE (Flyball, 9LD, EV 106.9 MPH)
|
|
Batting: RHB Carlos Talavera
|
0-0: Called Strike 0-1: Ball 1-1: Ball 2-1: Fly out, F8 (Flyball, 8LM, EV 80.6 MPH)
|
|
Pitching: LHP Gavrilo Brkic
|
|
|
Pinch Hitting: SHB Ken Welch
|
0-0: Foul Ball, location: 2F 0-1: Ball 1-1: Ball 2-1: Foul Ball, location: 2F 2-2: SINGLE (Flyball, 78M, EV 84.4 MPH) Marcos Villalobos to third
|
|
Batting: RHB Jeremy Giesler
|
0-0: Squeeze Bunt to 2L - play home, runner scores, batter safe! Marcos Villalobos scores Ken Welch to second
|
|
Pinch Hitting: RHB Vinny Vasquez
|
0-0: Ball 1-0: Ball 2-0: Called Strike 2-1: Ball 3-1: Foul Ball, location: 2F 3-2: Fly out, F3 (Popup, 3, EV 73.1 MPH)
|
|
Batting: RHB Trevor Mock
|
0-0: Ball 1-0: Ball 2-0: Ball 3-0: Base on Balls Ken Welch to third Jeremy Giesler to second
|
|
Batting: RHB Jose Valtierra
|
0-0: Ball 1-0: Swinging Strike 1-1: Ball 2-1: Ball Wild Pitch! Ken Welch scores Jeremy Giesler to third Trevor Mock to second 3-1: Called Strike 3-2: Fly out, F5 (Line Drive, 5L, EV 67.5 MPH)
|
| Bottom of the 6th over - 2 runs, 2 hits, 0 errors, 2 left on base; New Orleans 1 - Oklahoma City 3 |
| TOP OF THE 7TH |
|
New Orleans Zephyrs batting - Pitching for Oklahoma City Dodgers : RHP Jon Schau
|
|
Now at 2B: Jim Rogers
|
|
|
Now in LF: Jonathan Rangel
|
|
|
Now in RF: Jeremy Giesler
|
|
|
Batting: RHB Torquato Obawole
|
0-0: Ball 1-0: Ball 2-0: Swinging Strike 2-1: Ball 3-1: Fly out, F8 (Line Drive, 8RM, EV 90.6 MPH)
|
|
Batting: RHB Jim Fisher
|
0-0: Foul Ball, location: 2F 0-1: Ball 1-1: Called Strike 1-2: Ball 2-2: SINGLE (Groundball, 34D, EV 105.6 MPH)
|
|
Batting: RHB Ryuki Ogasawara
|
0-0: Fly out, F4 (Popup, 13, EV 84.4 MPH)
|
|
Batting: LHB Jose Bregaro
|
0-0: Ball 1-0: Ball 2-0: Foul Ball, location: 2F 2-1: SINGLE (Groundball, 34D, EV 100.0 MPH) Jim Fisher to second
|
|
Batting: LHB David Doge
|
0-0: Ball 1-0: Foul Ball, location: 2F 1-1: Ground out U3 (Groundball, 3L, EV 85.0 MPH)
|
| Top of the 7th over - 0 runs, 2 hits, 0 errors, 2 left on base; New Orleans 1 - Oklahoma City 3 |
| BOTTOM OF THE 7TH |
|
Oklahoma City Dodgers batting - Pitching for New Orleans Zephyrs : LHP Gavrilo Brkic
|
|
Batting: RHB Jorge Benites
|
0-0: Ball 1-0: Ball 2-0: Ball 3-0: Base on Balls
|
|
Batting: LHB Yasahiko Teshima
|
0-0: Foul Ball, location: 2F 0-1: Ball 1-1: Foul Ball, location: 2F 1-2: SINGLE (Line Drive, 6MD, EV 105.6 MPH) Jorge Benites to second
|
|
Batting: RHB Marcos Villalobos
|
0-0: Bunt missed! 0-1: Sac Bunt to P - play at first, batter OUT! 1-4 Jorge Benites to third Yasahiko Teshima to second
|
|
Batting: RHB Carlos Talavera
|
0-0: Ball 1-0: Fly out, F9 (Flyball, 89S, EV 95.0 MPH)
|
|
Batting: RHB Jonathan Rangel
|
0-0: Called Strike 0-1: Swinging Strike 0-2: Ball 1-2: Strikes out swinging
|
| Bottom of the 7th over - 0 runs, 1 hit, 0 errors, 2 left on base; New Orleans 1 - Oklahoma City 3 |
| TOP OF THE 8TH |
|
New Orleans Zephyrs batting - Pitching for Oklahoma City Dodgers : RHP Jon Schau
|
|
Pitching: RHP Nate Allen
|
|
|
Batting: RHB Akira Suzuki
|
0-0: Ball 1-0: Ball 2-0: Called Strike 2-1: SINGLE (Groundball, 4MD, EV 94.4 MPH)
|
|
Batting: LHB Carlos Mosqueda
|
0-0: Grounds into double play, U6-3 (Groundball, 4M, EV 93.1 MPH)
|
|
Batting: RHB Boof Howell
|
0-0: Called Strike 0-1: Ball 1-1: Called Strike 1-2: Strikes out swinging
|
| Top of the 8th over - 0 runs, 1 hit, 0 errors, 0 left on base; New Orleans 1 - Oklahoma City 3 |
| BOTTOM OF THE 8TH |
|
Oklahoma City Dodgers batting - Pitching for New Orleans Zephyrs : LHP Gavrilo Brkic
|
|
Pitching: RHP Stefan Snel
|
|
|
Batting: RHB Jeremy Giesler
|
0-0: Foul Ball, location: 2F 0-1: Foul Ball, location: 2F 0-2: Strikes out swinging
|
|
Batting: RHB Jim Rogers
|
0-0: Ground out 3-1 (Groundball, 13, EV 86.9 MPH)
|
|
Batting: RHB Trevor Mock
|
0-0: Ball 1-0: Swinging Strike 1-1: Ball 2-1: Fly out, F8 (Line Drive, 8LM, EV 88.1 MPH)
|
| Bottom of the 8th over - 0 runs, 0 hits, 0 errors, 0 left on base; New Orleans 1 - Oklahoma City 3 |
| TOP OF THE 9TH |
|
New Orleans Zephyrs batting - Pitching for Oklahoma City Dodgers : RHP Nate Allen
|
|
Pitching: RHP Jared Wisham
|
|
|
Batting: SHB Dan Zink
|
0-0: Ball 1-0: Foul Ball, location: 2F 1-1: Ball 2-1: Fly out, F7 (Line Drive, 78S, EV 110.0 MPH)
|
|
Batting: RHB Torquato Obawole
|
0-0: Ball 1-0: Foul Ball, location: 2F 1-1: Swinging Strike 1-2: Foul Ball, location: 2F 1-2: Ball 2-2: Foul Ball, location: 2F 2-2: Ball 3-2: Strikes out looking
|
|
Batting: RHB Jim Fisher
|
0-0: Foul Ball, location: 2F 0-1: Ball 1-1: Ball 2-1: Called Strike 2-2: Ball 3-2: Fly out, F7 (Flyball, 78S, EV 88.8 MPH)
|
| Top of the 9th over - 0 runs, 0 hits, 0 errors, 0 left on base; New Orleans 1 - Oklahoma City 3 |
|